Map: Templo Congelado

Players

TheZergLord - Winner!

  • Race: Zerg Zerg
  • League: Master

DominiC

  • Race: Protoss Protoss
  • League: Grandmaster

VOD

Have the link to the VOD?

Description

Time

  • Played on: May 22, 2016, 8:41 p.m.
  • Length: 10:09
Show
View Real Time Build Order
Export as new Build Order

TheZergLord Zerg - Winner!

Build Orders: Hatch First 

Get SALT Encoding   

  12  0:01  Drone  
  13  0:12  Overlord  
  13  0:17  Drone  
  14  0:30  Drone  
  14  0:31  Drone  
  14  0:35  Drone  
  17  0:52  Hatchery  
  17  0:57  Drone  
  17  0:58  Drone  
  18  1:11  Extractor  
  17  1:14  Spawning Pool  
  17  1:16  Drone  
  17  1:19  Drone  
  18  1:28  Drone  
  19  1:39  Overlord  
  19  1:49  Drone  
  20  2:02  Queen  
  20  2:03  Zergling x2  
  20  2:05  Queen  
  20  2:06  Drone  
  26  2:11  Metabolic Boost  
  26  2:12  Drone  
  27  2:16  Drone  
  28  2:23  Drone  
  28  2:25  Drone  
  30  2:39  Hatchery  
  30  2:42  Drone  
  30  2:43  Drone  
  31  2:45  Overlord  
  31  2:47  Drone  
  32  2:54  Drone  
  33  3:05  Drone x2  
  35  3:08  Queen x2  
  39  3:20  Zergling x12  
  39  3:25  Overlord  
  43  3:44  Drone  
  43  3:47  Drone  
  43  3:48  Drone  
  46  3:49  Drone  
  46  3:54  Overlord  
  47  4:00  Drone  
  47  4:01  Drone x6  
  54  4:04  Roach Warren  
  54  4:09  Drone  
  54  4:10  Drone  
  53  4:19  Spore Crawler x2  
  53  4:20  Spore Crawler  
  53  4:21  Drone x8  
  55  4:31  Zergling x8  
  55  4:37  Extractor  
  57  4:44  Roach x3  
  57  4:45  Roach  
  65  4:46  Overlord x2  
  65  4:47  Overlord  
  65  5:00  Overlord  
  65  5:02  Overlord x3  
  65  5:10  Roach  
  65  5:11  Roach x6  
  79  5:20  Roach x4  
  87  5:27  Overlord  
  86  5:31  Overlord  
  86  5:33  Roach x3  
  86  5:34  Zergling x4  
  86  5:35  Zergling x2  
  92  5:46  Zergling x10  
  92  5:49  Lair  
  97  5:50  Drone x3  
  97  5:53  Drone  
  97  5:54  Drone  
  97  5:56  Drone  
  103  6:02  Drone x3  
  103  6:03  Drone x4  
  102  6:20  Drone x4  
  102  6:21  Drone x4  
  100  6:34  Drone  
  100  6:35  Drone x7  
  100  6:38  Drone  
  99  6:41  Evolution Chamber, Extractor  
  99  6:42  Extractor  
  99  6:44  Extractor  
  89  6:47  Extractor  
  89  6:51  Drone x2  
  89  6:52  Drone x2  
  89  6:53  Hatchery  
  89  6:58  Drone  
  89  6:59  Drone  
  89  7:04  Drone  
  89  7:07  Zerg Missile Weapons Level 1  
  84  7:08  Hydralisk Den  
  84  7:09  Glial Reconstitution  
  83  7:21  Overlord x2  
  83  7:23  Zergling x12  
  89  7:37  Muscular Augments  
  89  7:38  Hydralisk x4  
  89  7:41  Hydralisk x2  
  89  7:42  Hydralisk  
  103  7:48  Hydralisk  
  103  7:49  Hydralisk x2  
  109  7:52  Hydralisk x2  
  109  7:54  Hydralisk  
  109  7:55  Zergling x6  
  118  8:08  Roach x3  
  118  8:09  Roach x3  
  118  8:10  Extractor x2  
  118  8:12  Roach x3  
  134  8:19  Roach x6  
  146  8:22  Roach x3  
  151  8:34  Overlord x5  
  151  8:47  Spine Crawler x2  
  149  8:50  Overlord  
  149  8:51  Overlord x3  
  147  8:58  Hydralisk  
  147  8:59  Hydralisk x10  
  165  9:09  Hydralisk x3  
  163  9:10  Hydralisk  
  163  9:11  Zergling x4  
  140  9:34  Hydralisk x2  
  140  9:35  Hydralisk x7  
  140  9:36  Zergling x2  
  140  9:37  Zergling x10  
  157  9:48  Zergling x2  
Show
View Real Time Build Order
Export as new Build Order

DominiC Protoss 

Build Orders: 1 Gate Expand 

Get SALT Encoding   

  12  0:01  Probe (Chrono Boost)  
  13  0:12  Probe (Chrono Boost)  
  14  0:23  Pylon, Probe (Chrono Boost)  
  15  0:41  Probe (Chrono Boost)  
  15  0:42  Gateway  
  16  0:47  Assimilator  
  16  0:51  Probe (Chrono Boost)  
  17  1:02  Probe (Chrono Boost)  
  18  1:12  Probe (Chrono Boost)  
  19  1:26  Nexus  
  19  1:27  Probe (Chrono Boost)  
  20  1:39  Probe (Chrono Boost)  
  21  1:40  Cybernetics Core  
  21  1:48  Pylon  
  21  1:50  Probe (Chrono Boost)  
  22  1:57  Assimilator  
  22  2:00  Probe (Chrono Boost)  
  23  2:11  Probe (Chrono Boost)  
  24  2:16  Adept  
  24  2:17  Warp Gate  
  26  2:23  Probe (Chrono Boost)  
  27  2:34  Gateway  
  26  2:37  Gateway, Probe (Chrono Boost)  
  26  2:44  Adept  
  31  2:51  Mothership Core (Chrono Boost)  
  31  3:01  Probe (Chrono Boost)  
  32  3:09  Probe (Chrono Boost)  
  32  3:11  Probe (Chrono Boost)  
  34  3:20  Probe (Chrono Boost)  
  34  3:22  Probe (Chrono Boost)  
  34  3:23  Robotics Facility  
  36  3:30  Probe (Chrono Boost)  
  36  3:32  Probe (Chrono Boost)  
  39  3:41  Probe (Chrono Boost)  
  39  3:43  Probe (Chrono Boost)  
  39  3:48  Twilight Council  
  38  3:49  Gateway  
  38  3:51  Probe (Chrono Boost)  
  38  3:53  Probe (Chrono Boost)  
  40  4:02  Probe (Chrono Boost)  
  41  4:04  Pylon, Probe (Chrono Boost)  
  41  4:05  Pylon  
  42  4:13  Probe (Chrono Boost)  
  39  4:19  Probe (Chrono Boost)  
  39  4:23  Adept x3, Probe (Chrono Boost)  
  46  4:32  Resonating Glaives (Chrono Boost)  
  46  4:36  Warp Prism (Chrono Boost)  
  48  4:39  Probe  
  48  4:40  Probe  
  50  4:48  Sentry  
  50  4:50  Stalker x2  
  50  4:52  Probe x2  
  58  5:01  Assimilator  
  58  5:03  Assimilator  
  58  5:04  Probe  
  58  5:06  Sentry  
  61  5:08  Pylon  
  61  5:11  Pylon, Probe  
  62  5:25  Probe  
  62  5:26  Probe  
  64  5:34  Adept x2  
  64  5:35  Adept x2  
  72  5:47  Immortal (Chrono Boost)  
  74  5:53  Nexus  
  74  5:55  Sentry x2  
  78  6:02  Pylon  
  78  6:06  Pylon  
  76  6:18  Stalker x2  
  72  6:23  Stalker x2  
  66  6:33  Probe  
  66  6:34  Probe  
  66  6:36  Pylon  
  66  6:37  Pylon  
  60  6:43  Pylon  
  60  6:44  Immortal (Chrono Boost)  
  60  6:47  Stalker  
  60  6:48  Stalker  
  60  6:51  Probe  
  60  6:53  Probe  
  64  7:02  Probe  
  64  7:06  Pylon  
  65  7:09  Pylon  
  65  7:10  Probe  
  65  7:11  Probe  
  65  7:13  Probe  
  65  7:14  Adept  
  70  7:16  Adept  
  70  7:18  Immortal (Chrono Boost)  
  70  7:20  Probe  
  77  7:28  Gateway, Probe  
  77  7:29  Gateway  
  78  7:35  Sentry  
  78  7:37  Probe, Sentry x3  
  82  7:39  Probe  
  88  7:45  Pylon  
  88  7:46  Probe  
  88  7:50  Probe  
  89  7:53  Immortal (Chrono Boost)  
  89  7:55  Probe  
  95  7:59  Assimilator  
  95  8:00  Probe  
  95  8:01  Sentry  
  95  8:02  Sentry  
  95  8:03  Assimilator  
  95  8:05  Pylon, Probe  
  100  8:09  Stalker x2  
  105  8:18  Probe  
  106  8:26  Stalker x2  
  110  8:28  Stalker  
  110  8:29  Stalker  
  114  8:39  Observer (Chrono Boost)  
  115  8:44  Robotics Bay  
  115  8:47  Robotics Facility  
  115  8:54  Adept x3  
  115  8:55  Adept x3  
  119  9:20  Mothership Core  
  119  9:21  Pylon  
  117  9:24  Pylon  
  117  9:25  Pylon  
  99  9:39  Stalker x2  
  99  9:40  Stalker x2  
Tags
 
Add a new tag
Caveats
  • Supply blocks, unpowered buildings, or Contaminate may cause inaccurate times.
  • Supply counts are checked every 10 seconds.